 Dungeon Crawl Stone Soup version 0.25-a0-109-ge9c0e85935 (webtiles) character file.

Game seed: 7827848675308252089, levelgen mode: deterministic

191 vurker the Skirmisher (level 6, -1/49 HPs)
             Began as a Formicid Abyssal Knight on Nov 18, 2019.
             Was a Believer of Lugonu.
             Slain by an ogre
             ... wielding a +0 giant club
              (22 damage)
             ... on level 4 of the Dungeon.
             The game lasted 00:04:11 (4512 turns).

vurker the Skirmisher (Formicid Abyssal Knight)     Turns: 4512, Time: 00:04:11

Health: -1/49      AC:  5    Str: 18    XL:     6   Next: 2%
Magic:  8/8        EV: 10    Int: 12    God:    Lugonu [**....]
Gold:   164        SH:  0    Dex: 10    Spells: 5/5 levels left

rFire    . . .     SeeInvis +   a - +1 hand axe
rCold    . . .     Gourm    .   (no shield)
rNeg     . . .     Faith    +   m - +0 ring mail
rPois    .         Spirit   .   (helmet unavailable)
rElec    .         Reflect  .   t - scarf {cloud immunity}
rCorr    .         Harm     .   (no gloves)
MR       .....                  (no boots)
Stlth    ..........             l - amulet of faith
HPRegen  0.16/turn              (no ring)
MPRegen  0.11/turn              (no ring)

@: drained
A: permanent stasis, dig shafts and tunnels, four strong arms, antennae 3
a: Dig, Shaft Self, Depart the Abyss, Bend Space, Renounce Religion


You were on level 4 of the Dungeon.
You worshipped Lugonu.
Lugonu was pleased with you.
You were very hungry.

You visited 1 branch of the dungeon, and saw 4 of its levels.
You visited the Abyss 1 time.

You collected 164 gold pieces.

Inventory:

Hand Weapons
 a - a +1 hand axe (weapon)
Armour
 m - a +0 ring mail (worn)
   (You found it on level 2 of the Dungeon)
 t - a scarf of cloud immunity (worn)
   (You found it on level 4 of the Dungeon)
Jewellery
 l - an amulet of faith (around neck)
   (You found it on level 2 of the Dungeon)
Scrolls
 b - a scroll of magic mapping {unknown}
 c - 3 scrolls of remove curse {unknown}
 d - 5 scrolls of identify {unknown}
 g - 2 scrolls of random uselessness {unknown}
 i - a scroll of fear {unknown}
 n - a scroll of immolation {unknown}
 o - a scroll of teleportation {unknown}
 p - a scroll of blinking {unknown}
 q - a scroll of noise {unknown}
 u - 3 scrolls of enchant armour {unknown}
Potions
 f - a potion of haste {unknown}
 h - 3 potions of curing {unknown}
 j - 3 potions of mutation {unknown}
 k - a potion of ambrosia {unknown}
 r - a potion of invisibility {unknown}
 s - a potion of agility {unknown}
 v - a potion of magic {unknown}
Comestibles
 e - 5 rations


   Skills:
 + Level 4.3(3.4) Fighting
 * Level 4.3(3.3) Axes
 - Level 2.1(1.2) Armour
 - Level 0.8(0.0) Dodging
 + Level 3.7(2.8) Invocations


You had 5 spell levels left.
You didn't know any spells.
Your spell library was empty.

Dungeon Overview and Level Annotations

Branches:
Dungeon (4/15)
 Temple: D:4-7

Altars:
Fedhas
Wu Jian


Innate Abilities, Weirdness & Mutations

You cannot be hasted, slowed, berserked, paralysed or teleported.
You can dig through walls and to a lower floor.
Your four strong arms can wield two-handed weapons with a shield.
You have a pair of large antennae on your head. (SInv)


Message History

You closely miss the adder. The adder completely misses you.
The adder closely misses you.
You hit the adder but do no damage. The adder bites you.
You are more poisoned.
The adder poisons you!
You miss the adder.
You feel sick. The adder bites you.
You are more poisoned.
The adder poisons you! The adder bites you.
You hit the adder.
You kill the adder!
Lugonu accepts your kill.
You have reached level 6!
Your experience leads to an increase in your attributes!
Increase (S)trength, (I)ntelligence, or (D)exterity?
You feel stronger.
You feel sick.
You feel sick.
You feel sick.
You feel sick.
You feel sick.
You feel sick.
You feel sick.
You feel sick.
You feel sick.
You feel sick.
You feel sick.
You feel sick.
You feel sick.
You feel sick.
You feel sick.
You are no longer poisoned.
You are feeling hungry.
e - 5 rations (gained 1)
Found a stone staircase leading down.
Found a fizzy grey potion.
v - a fizzy grey potion
Found 17 arrows.
You see here an adder skeleton.
You are feeling very hungry.
Found a scale mail.
An ogre comes into view. It is wielding a +0 giant club.
The ogre shouts!
You see here a scale mail.
You slash the ogre!
The ogre hits you with a +0 giant club!!
Ouch! That really hurt!
* * * LOW HITPOINT WARNING * * *
You hit the ogre.
The ogre hits you with a +0 giant club!!
You die...

####### ....# #...... #....
.# ##...... #.... ...
....... #...# #.###.####
#...# #......... #####...#
####..#.....#
........##..............
#.##.@O........#..##.#
#.#####.##.###.#.###.#...#.#
#..........# #.#............
######.#### #.#.###.#.###.#
#......# #.............#
#......#####.###.#...#.#
#................###.#.#
#.........##.##### .#
###.###...##.......###


You could see an ogre.

Vanquished Creatures
  An orc wizard (D:4)
  A worker ant (D:4)
  4 adders
  An ooze (D:2)
  4 worms
  3 dart slugs
  3 leopard geckos
  3 orcs
  3 ball pythons
  2 giant cockroaches
  3 goblins
  5 hobgoblins
  4 jackals (D:1)
  A ball python skeleton (D:4)
  4 bats
  5 frilled lizards
  A jackal skeleton (D:4)
  5 kobolds
  A quokka skeleton (D:4)
  5 rats
59 creatures vanquished.

Vanquished Creatures (others)
  2 orc wizards (D:4)
2 creatures vanquished.

Grand Total: 61 creatures vanquished

Notes
Turn   | Place    | Note
-------+----------+-------------------------------------------
     0 | Abyss:1  | vurker the Formicid Abyssal Knight began the quest for the
                  | Orb.
     0 | Abyss:1  | Reached XP level 1. HP: 18/18 MP: 2/2
    63 | Abyss:1  | Noticed an apocalypse crab
    77 | Abyss:1  | Noticed a large abomination
    77 | Abyss:1  | Noticed a small abomination
    78 | D:1      | Escaped the Abyss
   166 | D:1      | Reached * piety under Lugonu
   228 | D:1      | Reached XP level 2. HP: 21/24 MP: 3/3
   901 | D:1      | Reached XP level 3. HP: 29/29 MP: 4/4
  1366 | D:2      | Reached XP level 4. HP: 37/37 MP: 6/6
  1613 | D:2      | Found a faded altar of an unknown god.
  1906 | D:3      | Reached ** piety under Lugonu
  2467 | D:3      | Found a blossoming altar of Fedhas.
  2470 | D:3      | Found an ornate altar of the Wu Jian Council.
  3279 | D:4      | Reached XP level 5. HP: 42/42 MP: 7/7
  4204 | D:4      | Reached XP level 6. HP: 29/49 MP: 8/8
  4509 | D:4      | Noticed an ogre
  4512 | D:4      | Slain by an ogre

Levels and vault maps discovered:
D:1:      lemuel_arrival_cross, layout_rooms, serial_forest,
          infiniplex_forest_straight_2, infiniplex_forest_end_double,
          infiniplex_forest_clump_small, infiniplex_forest_end_2,
          infiniplex_forest_lined_ring, infiniplex_forest_corner_2,
          infiniplex_forest_clump_small, infiniplex_forest_zigzag_1,
          minmay_indecisive_spiral
D:2:      layout_basic, chequers_ecumenical_altar_simple_redux, st_stairs_10
D:3:      layout_basic, minitemple, hangedman_decor_slide_cut
D:4:      layout_basic, first_ration

Skill      XL: |  1  2  3  4  5 |
---------------+----------------+-----
Axes           | 3 4 |  4.3
Invocations    | 3 |  3.7
Fighting       | 4 |  4.3
Armour         | |  2.1
Dodging        | |  0.8

Action                   |  1- 3 |  4- 6 || total
-------------------------+-------+-------++-------
Melee: Hand axe          |    81 |   162 ||   243
Invok: Depart the Abyss  |     1 |       ||     1
  Eat: Chunk             |     1 |     6 ||     7
       Ration            |       |     1 ||     1
Armor: Leather armour    |     7 |       ||     7
       Ring mail         |     7 |    53 ||    60
Dodge: Dodged            |    48 |    86 ||   134

Table legend:
 A = Non-vault XP
 B = Vault XP
 C = Vault XP percentage of total XP
 D = Non-vault monster count
 E = Vault monster count
 F = Vault count percentage of total count
                 A         B        C        D         E       F
            +---------+---------+-------+---------+---------+-------
      Total |     249 |      25 |   9.1 |      54 |       7 |  11.5
            +---------+---------+-------+---------+---------+-------
        D:1 |      24 |       5 |  17.2 |      14 |       4 |  22.2
        D:2 |      37 |      20 |  35.1 |      11 |       3 |  21.4
        D:3 |      51 |       0 |   0.0 |      17 |       0 |   0.0
        D:4 |     137 |       0 |   0.0 |      12 |       0 |   0.0
            +---------+---------+-------+---------+---------+-------
